 Dungeon Crawl Stone Soup version 0.21.1-1-g345015f (webtiles) character file.

39 diana the Insei (level 3, 0/26 HPs)
             Began as a Merfolk Transmuter on June 9, 2018.
             Slain by a hobgoblin
             ... wielding a +0 club
              (3 damage)
             ... on level 1 of the Dungeon.
             The game lasted 00:01:46 (706 turns).

diana the Insei (Merfolk Transmuter)                 Turns: 706, Time: 00:01:46

Health: 0/26       AC:  2    Str: 10    XL:     3   Next: 47%
Magic:  6/6        EV: 17    Int: 13    God:
Gold:   36         SH:  0    Dex: 14    Spells: 2/6 levels left

rFire    . . .     SeeInvis .     - Unarmed
rCold    . . .     Gourm    .   (no shield)
rNeg     . . .     Faith    .   b - +0 robe
rPois    .         Spirit   .   (no helmet)
rElec    .         Reflect  .   (no cloak)
rCorr    .         Harm     .   (no gloves)
MR       .....                  (boots currently unavailable)
Stlth    ++........             (no amulet)
HPRegen  0.08/turn              (no ring)
MPRegen  0.10/turn              (no ring)

@: appendage (expiring), very quick
A: change form in water, swift swim, stealthy swim, horns 2
a: End Transformation


You were on level 1 of the Dungeon.
You were not hungry.
You had grown temporary horns.
You visited 1 branch of the dungeon, and saw 1 of its levels.

You collected 36 gold pieces.

Inventory:

Missiles
 a - 12 arrows
Armour
 b - a +0 robe (worn)
Scrolls
 e - 3 scrolls of identify {unknown}
 h - a scroll of fear {unknown}
 i - a scroll of remove curse {unknown}
 j - a scroll of random uselessness {unknown}
Potions
 f - a potion of agility {unknown}
 g - a potion of magic {unknown}
Books
 c - a book of Changes

   Spells                             Type                      Level
   a - Beastly Appendage              Transmutation                1
   b - Sticks to Snakes               Transmutation                2
   c - Spider Form                    Transmutation/Poison         3
   d - Ice Form                       Ice/Transmutation            4
   e - Blade Hands                    Transmutation                5
Comestibles
 d - 3 rations


   Skills:
 - Level 1.1 Fighting
 + Level 3.4 Dodging
 * Level 4.1 Unarmed Combat
 - Level 2.0 Spellcasting
 + Level 3.3 Transmutations


You had 2 spell levels left.
You knew the following spells:

 Your Spells              Type           Power        Failure   Level  Hunger
a - Beastly Appendage     Tmut           #.....       6%          1    ##.....
b - Spider Form           Tmut/Pois      #.........   36%         3    ####...


Dungeon Overview and Level Annotations

Branches:
Dungeon (1/15)

Altars:


Innate Abilities, Weirdness & Mutations

You revert to your normal form in water.
You are very nimble and swift while swimming.
You are very stealthy in the water. (Stealth+)
You have a pair of horns on your head.


Message History

You hit the hobgoblin.
The hobgoblin is heavily wounded.
The jackal completely misses you. The hobgoblin closely misses you.
The jackal bites you.
You closely miss the hobgoblin.
The hobgoblin is heavily wounded.
Your transformation is almost over.
The rat closely misses you. The hobgoblin misses you.
The jackal closely misses you.
You barely miss the hobgoblin. You tail-slap the hobgoblin.
The hobgoblin is almost dead.
The jackal completely misses you. The rat misses you.
The hobgoblin hits you with a club.
* * * LOW HITPOINT WARNING * * *
You hit the hobgoblin but do no damage. Your headbutt misses the hobgoblin.
The hobgoblin is almost dead.
The jackal barely misses you. The rat bites you.
* * * LOW HITPOINT WARNING * * *
The jackal closely misses you. The hobgoblin hits you with a club.
You die...

#.........#
#≈......≈≈≈≈≈≈.≈≈.
♣≈.......≈♣
♣≈....P≈.≈≈≈≈≈≈.≈.
#♣♣.....♣♣#
#≈...#..≈.≈≈≈.≈≈P. #####'###
#≈.#....≈≈.≈.≈.P.. 8##8#'#8##
#≈.#.##..PP..♣..#. .'.......+
#≈.#..###.###..##. 8####8####
#≈h............... ##
≈♣≈#≈#######≈h...############
# ##≈≈≈≈≈≈≈≈@g$..#
.......##r...####### .!.....
#........... .......
#........... l......
#..†........ .......
#........... .......
#........... .w.....
#........... .......#####


You could see 2 jackals, a hobgoblin and a rat.

Vanquished Creatures
  An ooze (D:1)
  A dart slug (D:1)
  A leopard gecko (D:1)
  5 bats (D:1)
  2 bat zombies (D:1)
  2 goblins (D:1)
  3 hobgoblins (D:1)
  6 jackals (D:1)
  2 frilled lizards (D:1)
  3 kobolds (D:1)
  3 rats (D:1)
29 creatures vanquished.

Notes
Turn   | Place    | Note
-------+----------+-------------------------------------------
     0 | D:1      | diana the Merfolk Transmuter began the quest for the Orb.
     0 | D:1      | Reached XP level 1. HP: 15/15 MP: 3/3
   219 | D:1      | Reached XP level 2. HP: 21/21 MP: 5/5
   409 | D:1      | Reached skill level 4 in Unarmed Combat
   409 | D:1      | Reached XP level 3. HP: 21/26 MP: 4/6
   602 | D:1      | Learned a level 3 spell: Spider Form
   706 | D:1      | Slain by a hobgoblin

Skill      XL: |  1  2 |
---------------+-------+-----
Dodging        | 3 |  3.4
Transmutations | 3 |  3.3
Unarmed Combat | 4 |  4.1
Fighting       | |  1.1
Spellcasting   | |  2.0

Action                   || total
-------------------------++-------
Melee: Unarmed           ||   111
       Headbutt          ||     9
       Punch             ||     2
       Tailslap          ||     1
 Cast: Beastly Appendage ||     9
 Stab: Sleeping          ||     1
Armor: Robe              ||    24
Dodge: Dodged            ||   125
